Map: Tokamak LE

Players

ManlyManMeat

  • Race: Zerg Zerg
  • League: Diamond
  • Spawn Location: 1:00

IIIIIIIIIIII - Winner!

  • Race: Terran Terran
  • League: Diamond
  • Spawn Location: 7:00

VOD

Have the link to the VOD?

Description

Time

  • Played on: July 7, 2025, 5:41 a.m.
  • Length: 10:12
Show
View Real Time Build Order
Export as new Build Order

ManlyManMeat Zerg 

Build Orders: Hatch First 

Get SALT Encoding   

  12  0:00  Drone  
  13  0:09  Drone  
  14  0:17  Extractor  
  14  0:18  Drone  
  15  0:22  Overlord  
  15  0:41  Drone  
  16  0:48  Hatchery  
  15  0:50  Drone  
  15  0:54  Drone  
  17  0:58  Drone  
  18  1:08  Extractor  
  17  1:15  Spawning Pool  
  17  1:18  Drone  
  17  1:20  Drone  
  18  1:26  Drone  
  19  1:38  Drone  
  20  2:01  Queen x2  
  24  2:09  Hatchery  
  24  2:12  Zergling x2  
  24  2:19  Overlord  
  24  2:28  Drone x3  
  27  2:35  Overlord  
  27  2:43  Metabolic Boost  
  27  2:46  Drone  
  27  2:47  Overlord  
  28  2:58  Drone x4  
  32  3:03  Queen  
  34  3:11  Overlord  
  34  3:16  Drone x2  
  34  3:17  Drone  
  37  3:20  Drone x2  
  39  3:27  Roach Warren  
  39  3:29  Extractor x2  
  39  3:31  Extractor  
  39  3:33  Drone x2  
  37  3:55  Hatchery  
  36  4:05  Overlord  
  36  4:08  Roach x3  
  36  4:09  Zergling x2  
  44  4:10  Zergling x10  
  48  4:19  Drone x2  
  48  4:20  Drone x2  
  52  4:32  Overlord x2  
  52  4:33  Overlord  
  52  4:47  Overlord x3  
  52  4:54  Roach x3  
  52  4:59  Drone x2  
  60  5:14  Queen  
  60  5:16  Lair  
  62  5:28  Drone x2  
  62  5:29  Drone x4  
  62  5:34  Zergling x10  
  62  5:35  Evolution Chamber  
  72  5:42  Spore Crawler  
  71  5:43  Spore Crawler  
  71  5:45  Drone x3  
  66  6:09  Drone  
  66  6:10  Drone x3  
  69  6:13  Glial Reconstitution, Zerg Missile Weapons Level 1  
  69  6:14  Baneling Nest  
  69  6:16  Roach x5  
  78  6:25  Infestation Pit  
  77  6:27  Zergling x12  
  83  6:42  Roach  
  83  6:43  Roach x6  
  97  6:53  Drone x3  
  100  6:54  Drone x3  
  100  7:00  Spore Crawler  
  102  7:02  Overlord x2  
  102  7:10  Drone x3  
  98  7:33  Roach x2  
  98  7:34  Roach x11  
  107  7:58  Infestor x2  
  105  8:18  Roach x8  
  121  8:21  Drone  
  122  8:28  Overlord  
  122  8:29  Overlord  
  122  8:37  Hatchery  
  121  8:44  Ravager  
  121  8:46  Overlord  
  121  8:47  Overlord x3  
  121  8:48  Ravager x2  
  124  8:51  Zergling x16  
  132  9:11  Spire  
  109  9:29  Roach  
  109  9:30  Roach x10  
  113  9:45  Roach x3  
  94  9:57  Ravager x2  
Show
View Real Time Build Order
Export as new Build Order

IIIIIIIIIIII Terran - Winner!

Build Orders:  

Get SALT Encoding   

  12  0:00  SCV  
  13  0:13  SCV  
  14  0:18  Supply Depot  
  14  0:26  SCV  
  15  0:39  SCV  
  15  0:41  Barracks  
  16  0:52  SCV  
  17  1:04  SCV  
  18  1:16  SCV  
  19  1:21  Command Center  
  19  1:30  SCV  
  20  1:37  Supply Depot, Marine  
  21  1:44  SCV  
  21  1:45  Refinery  
  22  1:56  SCV  
  22  2:00  Refinery  
  23  2:02  Barracks  
  23  2:06  Marine  
  24  2:13  SCV  
  25  2:26  SCV  
  25  2:29  Bunker  
  26  2:32  Marine  
  26  2:35  SCV  
  28  2:43  SCV  
  29  2:49  Marine, SCV  
  31  2:51  Factory  
  31  2:55  Marine, SCV  
  33  3:00  Bunker  
  33  3:02  SCV  
  34  3:13  Marine x2  
  34  3:18  SCV x2  
  38  3:25  Supply Depot  
  38  3:31  Bunker  
  38  3:35  SCV x2  
  38  3:39  Starport  
  38  3:40  Factory Reactor  
  40  3:42  Marine  
  41  3:50  SCV  
  41  3:51  Bunker, SCV  
  41  3:53  Marine  
  44  4:02  Marine  
  45  4:03  SCV  
  46  4:15  SCV x2  
  48  4:24  Supply Depot  
  48  4:27  SCV x2  
  50  4:39  Marine  
  50  4:41  Marine  
  50  4:43  Bunker  
  52  4:46  Medivac x2  
  52  4:47  Widow Mine  
  52  4:48  SCV x2  
  52  4:50  Refinery  
  52  4:51  Supply Depot  
  52  4:52  Supply Depot x2  
  60  4:57  Marine  
  61  5:02  Orbital Command x2  
  61  5:05  Engineering Bay  
  61  5:14  Barracks Reactor  
  61  5:22  Refinery, Barracks Tech Lab, Liberator, Factory Tech Lab  
  61  5:23  Viking  
  66  5:41  Terran Infantry Weapons Level 1  
  66  5:42  Stimpack, Marine  
  66  5:47  SCV x2  
  68  5:57  Marine x2  
  68  5:59  SCV  
  68  6:00  Marine  
  72  6:11  Liberator, Siege Tank  
  75  6:17  Bunker  
  78  6:18  Marine  
  78  6:20  Supply Depot  
  78  6:25  Supply Depot, Marine  
  79  6:26  Marine  
  79  6:31  Supply Depot  
  81  6:33  Supply Depot, SCV x2  
  81  6:36  Marauder  
  85  6:43  Marine  
  86  6:50  Medivac  
  86  6:51  Siege Tank  
  91  6:54  Medivac  
  91  6:58  Marauder  
  91  6:59  Supply Depot x2  
  95  7:04  Marine x2  
  97  7:19  Marauder  
  97  7:22  Marine  
  96  7:34  Liberator, Siege Tank  
  96  7:35  Liberator  
  95  7:49  Command Center  
  92  8:04  Marauder, Marine x2  
  96  8:13  Siege Tank  
  96  8:17  Factory x2  
  99  8:25  Marauder  
  101  8:46  Refinery  
  101  8:47  Marauder  
  101  8:48  Siege Tank  
  106  8:51  Marine  
  106  8:52  Marine  
  108  9:07  Factory Tech Lab  
  108  9:08  Marauder  
  108  9:09  Marine  
  111  9:20  Siege Tank  
  108  9:29  Marauder  
  106  9:40  Siege Tank  
  106  9:51  Marauder  
Tags
 
Matchup
TvZ
Replay Pack
Myownreplay2
Spawn Locations
Cross Positions
Add a new tag
Caveats
  • Supply blocks, unpowered buildings, or Contaminate may cause inaccurate times.
  • Supply counts are checked every 10 seconds.